 Dungeon Crawl Stone Soup version 0.29-a0-384-g6960b1960d (webtiles) character file.

Game seed: 10196625122768265660

386 Hubjo the Firebug (level 6, 0/36 HPs)
             Began as a Deep Elf Fire Elementalist on May 6, 2022.
             Succumbed to a water moccasin's poison
             ... on level 4 of the Dungeon.
             The game lasted 00:05:52 (3929 turns).

Hubjo the Firebug (Deep Elf Fire Elementalist)      Turns: 3929, Time: 00:05:52

Health: 0/36       AC:  3    Str:  5    XL:     6   Next: 48%
Magic:  10/15      EV: 13    Int: 20    God:
Gold:   96         SH:  0    Dex: 17    Spells: 9/14 levels left

rFire   . . .      SeeInvis .   s - +2 falchion (vorpal)
rCold   . . .      Faith    .   (no shield)
rNeg    . . .      Spirit   .   a - +0 robe
rPois   .          Reflect  .   (no helmet)
rElec   .          Harm     .   (no cloak)
rCorr   .          Rampage  .   f - +0 pair of gloves
Will    .....                   (no boots)
Stlth   +++.......              r - amulet of regeneration
HPRegen 0.92/turn               (no ring)
MPRegen 0.14/turn               (no ring)

@: lethally poisoned (0 -> -2)
A: no striking features
a: no special abilities


You were on level 4 of the Dungeon.
You visited 1 branch of the dungeon, and saw 4 of its levels.

You collected 96 gold pieces.

Inventory:

Hand Weapons
 g - a +1 dagger of flaming
 k - a +3 whip of distortion
 m - a +1 dagger of speed
 s - a +2 vorpal falchion (weapon)
 x - a +2 scythe of holy wrath
Missiles
 e - a throwing net
Armour
 a - a +0 robe (worn)
 f - a +0 pair of gloves (worn)
Jewellery
 o - an amulet of reflection
 r - an amulet of regeneration (around neck)
Scrolls
 j - 3 scrolls of teleportation
 q - a scroll of fear {unknown}
 t - 2 scrolls of blinking {unknown}
 v - a scroll of summoning {unknown}
 w - a scroll of poison
Potions
 b - 2 potions of magic
 c - a potion of haste {unknown}
 d - a potion of berserk rage
 h - a potion of ambrosia
 i - a potion of cancellation
 l - a potion of heal wounds
 n - 3 potions of curing {unknown}
 p - a potion of attraction {unknown}
 u - a potion of degeneration {unknown}
 z - a potion of mutation {unknown}


   Skills:
 + Level 2.7 Fighting
 - Level 2.4 Dodging
 + Level 4.5 Stealth
 + Level 4.9 Spellcasting
 - Level 1.1 Conjurations
 * Level 5.2 Fire Magic


You had 9 spell levels left.
You knew the following spells:

 Your Spells              Type           Power      Damage    Failure   Level
a - Foxfire               Conj/Fire      68%        2x1d7     3%          1
b - Flame Wave            Conj/Fire      17%        2d6       32%         4

Your spell library contained the following spells:

 Spells                   Type           Power      Damage    Failure   Level
 Scorch                   Fire           50%        2d7       1%          2
 Conjure Flame            Conj/Fire      17%        6-21      10%         3
 Pain                     Necr           16%        1d4       12%         1
 Inner Flame              Hex/Fire       15%        N/A       12%         3
 Agony                    Necr           4%         N/A       97%         5
 Excruciating Wounds      Necr           2%         N/A       97%         5


Dungeon Overview and Level Annotations

Branches:
Dungeon (4/15)
 Temple: D:4-7

Altars:
Okawaru
Uskayaw
Yredelemnul


Message History

You conjure some foxfire!
You feel sick.
The foxfire hits the water moccasin but does no damage.
The water moccasin is heavily wounded.
The foxfire hits the water moccasin.
The water moccasin is severely wounded.
The water moccasin bites you.
Unknown command.
You miscast Foxfire.
You are very lightly contaminated with residual magic.
Nothing appears to happen.
You feel sick.
The foxfire hits the water moccasin.
The water moccasin is severely wounded.
The foxfire hits the water moccasin.
The water moccasin is severely wounded.
The water moccasin bites you.
You are lethally poisoned!
The water moccasin poisons you!
You are too injured to fight recklessly!
You miss the water moccasin.
The water moccasin is severely wounded.
* * * LOW HITPOINT WARNING * * *
You feel extremely sick. The water moccasin barely misses you.
The water moccasin misses you.
You hit the water moccasin.
You kill the water moccasin!
* * * LOW HITPOINT WARNING * * *
You feel very sick.
Your Fire Magic skill increases to level 5!
* * * LOW HITPOINT WARNING * * *
You feel very sick.
You see here a water moccasin corpse.
* * * LOW HITPOINT WARNING * * *
You feel sick.
A kobold comes into view. It is wielding a +0 short sword.
* * * LOW HITPOINT WARNING * * *
You feel sick.
You see here a +0 club.
* * * LOW HITPOINT WARNING * * *
You feel sick.
Your magical contamination has completely faded away.
You die...

#.......... .#..
.......... ##......
##.......###....K.#
.........#........# .
#...<.......... ..
#.#..........# #...
###........# .>...
###.......##...#
#.....†.).@....#
##........?....#
.........†.......#
..>.................
.....................
.)...................
.....................
.............#......
.......#....#....


There were no monsters in sight!

Vanquished Creatures
  Sigmund (D:3)
  A water moccasin (D:4)
  Natasha (twice) (D:3)
  A gnoll (D:1)
  2 worms
  A dart slug (D:1)
  5 orcs (D:3)
  3 bats
  5 endoplasms
  3 giant cockroaches
  8 goblins
  2 hobgoblins (D:2)
  3 jackals (D:2)
  3 quokkas
  3 ball pythons
  A frilled lizard (D:1)
  7 kobolds
  8 rats
59 creatures vanquished.

Vanquished Creatures (collateral kills)
  16 foxfires (D:1)
16 creatures vanquished.

Vanquished Creatures (others)
  307 foxfires
  11 plants (D:1)
318 creatures vanquished.

Grand Total: 393 creatures vanquished

Notes
Turn   | Place    | Note
-------+----------+-------------------------------------------
     0 | D:1      | Hubjo the Deep Elf Fire Elementalist began the quest for
                  | the Orb.
     0 | D:1      | Reached XP level 1. HP: 10/10 MP: 6/6
   386 | D:1      | Reached XP level 2. HP: 16/16 MP: 5/8
   864 | D:1      | Reached skill level 1 in Fighting
  1124 | D:2      | Found a basalt altar of Yredelemnul.
  1127 | D:2      | Reached XP level 3. HP: 20/20 MP: 1/9
  2289 | D:2      | Found a faded altar of an unknown god.
  2302 | D:2      | Prayed at the altar of an unknown god.
  2302 | D:2      | Became a worshipper of Uskayaw the Reveller
  2302 | D:2      | Reached * piety under Uskayaw
  2304 | D:2      | Fell from the grace of Uskayaw
  3090 | D:3      | Noticed Natasha
  3094 | D:3      | Killed Natasha
  3095 | D:3      | Reached XP level 4. HP: 26/26 MP: 6/11
  3186 | D:3      | Found an iron altar of Okawaru.
  3265 | D:3      | Noticed Natasha
  3272 | D:3      | Killed Natasha
  3273 | D:3      | Reached skill level 4 in Fire Magic
  3549 | D:3      | Noticed Sigmund
  3557 | D:3      | Killed Sigmund
  3558 | D:3      | Reached XP level 5. HP: 31/31 MP: 1/13
  3558 | D:3      | Reached XP level 6. HP: 36/36 MP: 1/14
  3847 | D:3      | Learned a level 4 spell: Flame Wave
  3911 | D:4      | Noticed a water moccasin
  3924 | D:4      | Killed a water moccasin
  3925 | D:4      | Reached skill level 5 in Fire Magic
  3927 | D:4      | HP: 1/36 [poisoned by a water moccasin]
  3929 | D:4      | Succumbed to a water moccasin's poison

Illustrated notes

Levels and vault maps discovered:
D:1:      roderic_crop_circles_arrival_small, layout_rooms
D:2:      layout_basic, basic_altar, hellmonk_ecumenical_altar_zigzags,
          minivault_4, minmay_misc_feat_columns, minivault_26, minmay_quantized
D:3:      layout_loops_cross, lemuel_coloured_pillars_altar,
          kennysheep_pointless_box, uniq_sigmund, uniq_natasha
D:4:      layout_cave_pools, chequers_hall_statues_corner_a

Skill      XL: |  1  2  3  4  5  6 |
---------------+-------------------+-----
Fighting       | 1 2 |  2.7
Stealth        | 3 4 |  4.5
Spellcasting   | 4 |  4.9
Fire Magic     | 4 5 |  5.2
Dodging        | |  2.4
Conjurations   | |  1.1

Action                   |  1- 3 |  4- 6 || total
-------------------------+-------+-------++-------
Melee: Unarmed           |     6 |       ||     6
       Dagger            |    12 |       ||    12
       Falchion          |       |     3 ||     3
 Cast: Foxfire           |   149 |    48 ||   197
Invok: Stomp             |     1 |       ||     1
       Renounce Religion |     1 |       ||     1
  Use: Scroll            |     5 |     1 ||     6
 Stab: Distracted        |     1 |       ||     1
Armor: Robe              |     4 |     2 ||     6
Dodge: Dodged            |     9 |     6 ||    15
Block: Other             |     1 |       ||     1

Table legend: (Time is in decaauts)
 A = Elapsed time spent in this place.
 B = Non-inter-level travel time spent in this place.
 C = Inter-level travel time spent in this place.
 D = Time resting spent in this place.
 E = Time spent auto-exploring this place.
 F = Levels seen in this place.
 G = Mean time per level.
                   A        B        C        D        E       F      G
               +--------+--------+--------+--------+--------+-----+--------+
         Total |   3927 |   3862 |     65 |      0 |   3316 |   4 |  981.8 |
       Dungeon |   3927 |   3862 |     65 |      0 |   3316 |   4 |  981.8 |
               +--------+--------+--------+--------+--------+-----+--------+

Top non-repeatable levels by time:
     D:2: 1667 daAuts
     D:3: 1195 daAuts
     D:1: 982 daAuts
     D:4: 81 daAuts
